 Dungeon Sprint DCSS version 0.28.0-53-g5a82cb258f (webtiles) character file.

Game seed: 12014807983929839211

5761 Zeld the Warrior (level 10, -1/159 HPs)
             Began as a Minotaur Berserker on June 5, 2022.
             Was the Champion of Trog.
             Slain by an ironbound thunderhulk
             ... wielding a +0 dire flail
              (5 damage)
             ... in the Dungeon (Sprint V: "Ziggurat Sprint").
             The game lasted 00:02:29 (1195 turns).

Zeld the Warrior (Minotaur Berserker)               Turns: 1195, Time: 00:02:29

Health: -1/159     AC: 30    Str: 26    XL:     10   Next: 49%
Magic:  0/9        EV:  8    Int:  4    God:    Trog [******]
Gold:   0          SH: 20    Dex: 10    Spells: 9/9 levels left

rFire   . . .      SeeInvis +   D - +14 obsidian axe {vorpal, Mesm Drain Fly SInv}
rCold   . . .      Faith    .   j - +3 tower shield
rNeg    . . .      Spirit   +   E - +15 Maxwell's patent armour {-Cast -Tele rElec Will+ rCorr}
rPois   +          Reflect  .   (helmet restricted)
rElec   +          Harm     .   (no cloak)
rCorr   +          Rampage  .   (no gloves)
Will    +....      NoTele   +   (no boots)
Stlth   .......... NoCast   +   b - amulet of guardian spirit
HPRegen 0.36/turn               (no ring)
MPRegen 0.11/turn               a - ring of poison resistance

@: berserking, flying, mesmerised, very quick
A: horns 2, retaliatory headbutt, deterioration 1, subdued magic 1
a: Renounce Religion, Berserk, Trog's Hand, Brothers in Arms


You were in the Dungeon.
You worshipped Trog.
Trog was exalted by your worship.
You visited 1 branch

Inventory:

Hand Weapons
 D - the +14 obsidian axe (weapon) {vorpal, Mesm Drain Fly SInv}
   (You found it in the Dungeon)

   It inflicts extra damage upon your enemies.
   It occasionally summons demons to assist the wielder when it strikes in
   combat.
   Its wielder is mesmerised by any visible foes.
   It cannot be unequipped while any foes are visible.
   SInv:      It lets you see invisible.
   Fly:       It grants you flight.
   Drain:     It drains your maximum health when unequipped.
Armour
 j - a +3 tower shield (worn)
 E - the +15 Maxwell's patent armour (worn) {-Cast -Tele rElec Will+ rCorr}
   (You found it in the Dungeon)

   rElec:     It insulates you from electricity.
   -Cast:     It prevents spellcasting.
   -Tele:     It prevents most forms of teleportation.
   rCorr:     It protects you from acid and corrosion.
   Will:      It increases your willpower.
Jewellery
 a - a ring of poison resistance (right hand)
 b - an amulet of guardian spirit (around neck)
 v - an amulet of the acrobat
Wands
 s - a wand of mindburst (7)
 t - a wand of iceblast (7)
 u - a wand of acid (7)
Scrolls
 h - 4 scrolls of blinking
 k - 7 scrolls of fog
 l - a scroll of holy word
 m - 5 scrolls of identify
 n - 2 scrolls of fear
Potions
 c - 10 potions of curing
 d - 10 potions of heal wounds
 e - 10 potions of haste
 f - 7 potions of magic
 g - 3 potions of berserk rage
 o - 2 potions of invisibility
 p - 4 potions of resistance
 r - 5 potions of might
Miscellaneous
 i - a box of beasts
 q - a tin of tremorstones (2/2)
 C - a lightning rod (4/4)


   Skills:
 * Level 15.5 Fighting
 * Level 15.5 Axes
 + Level 11.0 Armour
 + Level 10.1 Dodging
 * Level 15.0 Shields


You had 9 spell levels left.
You didn't know any spells.
Your spell library was empty.

Dungeon Overview and Level Annotations

Branches:
Dungeon (1/1)

Altars:
Ashenzari
Cheibriados
Dithmenos
Elyvilon
Fedhas
Gozag
Hepliaklqana
Kikubaaqudgha
Makhleb
Nemelex Xobeh
Okawaru
Qazlal
Ru
Sif Muna
Trog
Uskayaw
Vehumet
Wu Jian
Xom
Yredelemnul
Zin
The Shining One
Beogh
Jiyva
Lugonu

Annotations:
D 1 transporter


Innate Abilities, Weirdness & Mutations

You have a pair of horns on your head.
You reflexively headbutt those who attack you in melee.
Your body sometimes deteriorates upon taking damage.
Your spells are a little easier to cast, but a little less powerful.


Message History

The vault guard hits you with a +0 war axe.
* * * LOW HITPOINT WARNING * * *
Your Shields skill increases to level 14!
You have reached level 10!
You slash the vault guard! You headbutt the vault guard.
You feel the power of Trog in you as your rage grows.
You kill the vault guard!
Trog accepts your kill.
You slash the vault guard!
You barely miss the ironbound thunderhulk.
You slash the ironbound thunderhulk!
Visions of slaying the ironbound thunderhulk flood into your mind.
Your neqoxec hits the ironbound thunderhulk.
Your Fighting skill increases to level 15!
Your Axes skill increases to level 15!
Unknown command.
Unknown command.
You slice the ironbound thunderhulk!! You headbutt the ironbound thunderhulk!
The ironbound thunderhulk is almost dead.
You completely miss the ironbound thunderhulk.
You slice the vault guard!!
You kill the vault guard!
Trog accepts your kill.
The ironbound thunderhulk hits you with a +0 dire flail.
* * * LOW HITPOINT WARNING * * *
You block the ironbound thunderhulk's attack.
The vault warden hits you from afar with a +2 glaive!
* * * LOW HITPOINT WARNING * * *
Your Armour skill increases to level 11!
Your Dodging skill increases to level 10!
Your Shields skill increases to level 15!
Unknown command.
You barely miss the ironbound thunderhulk.
You headbutt the ironbound thunderhulk.
You kill the ironbound thunderhulk!
Trog accepts your kill.
You slash the ironbound thunderhulk! You open a gate to Pandemonium!
A demon appears!
You block the vault warden's attack.
The ironbound thunderhulk hits you with a +0 dire flail.
You die...

▓...©...▓
▓▓▓▓▓▓▓▓▓
▓..8©8..▓
▓..=)}..▓
▓..}})..▓
▓...)...▓
▓....p4.▓
▓..O))..▓
▓..)@...▓
▓.▓3..▓.▓
▓...©...▓
▓▓▓▓▓▓▓▓▓


You could see a vault warden (ally target), an ironbound thunderhulk
(mesmerising), a friendly ice devil (summoned) and a friendly neqoxec
(summoned).

Vanquished Creatures
  An ironbound preserver (D)
  An ironbound thunderhulk (D)
  2 vault guards (D)
  A two-headed ogre (D)
  A draconian (D)
  A cyclops (D)
  A slime creature (D)
  2 yaks (D)
  A golden eye (D)
  A wolf (D)
  2 ogres (D)
  3 jellies (D)
  A shadow imp (D)
  A white imp (D)
  An adder zombie (D)
  3 endoplasms (D)
  A ball python skeleton (D)
  A ball python zombie (D)
25 creatures vanquished.

Vanquished Creatures (collateral kills)
  A purple draconian (D)
  2 shining eyes (D)
3 creatures vanquished.

Grand Total: 28 creatures vanquished

Notes
Turn   | Place    | Note
-------+----------+-------------------------------------------
     0 | D        | Zeld the Minotaur Berserker began the quest for the Orb.
     0 | D        | Reached XP level 1. HP: 19/19 MP: 0/0
     3 | D        | Found a blossoming altar of Fedhas.
     3 | D        | Found the +6 Majin-Bo {vamp, MP+6 Int+6}
     3 | D        | Found the +9 heavy crossbow "Sniper" {vorpal, Acc+∞ SInv}
     3 | D        | Found the +10 dark maul {vorpal}
     3 | D        | Found the +15 Maxwell's patent armour {-Cast -Tele rElec
                  | Will+ rCorr}
     3 | D        | Found the +18 shield of the Gong {rElec rN+ Will+ EV-5}
     3 | D        | Found the +14 obsidian axe {vorpal, Mesm Drain Fly SInv}
     3 | D        | Found the +7 great mace "Firestarter" {inner flame, rF++}
     3 | D        | Found the +6 shillelagh "Devastator" {shatter}
     3 | D        | Found the +11 plutonium sword {Contam Stlth-}
     3 | D        | Found the +8 lance "Wyrmbane" {slay drac, rPois rF+ rC+
                  | AC+3}
     3 | D        | Found the +9 sword of Zonguldrok {reap}
     3 | D        | Found the +13 scythe of Curses {drain, Drain}
     3 | D        | Found the +5 sword of Power {vorpal}
     3 | D        | Found the +7 mace of Variability {chain chaos}
     3 | D        | Found the +7 Singing Sword {vorpal, sonic wave}
     3 | D        | Found the +8 storm bow {elec, penet}
     5 | D        | Found a viscous altar of Jiyva.
     5 | D        | Found a hazy altar of Hepliaklqana.
     5 | D        | Found a transporter.
     5 | D        | Found an opulent altar of Gozag.
     5 | D        | Found an ancient bone altar of Kikubaaqudgha.
     5 | D        | Found a corrupted altar of Lugonu.
     9 | D        | Found a burning altar of Makhleb.
    10 | D        | Found a sacrificial altar of Ru.
    10 | D        | Found a shimmering blue altar of Sif Muna.
    10 | D        | Found a stormy altar of Qazlal.
    10 | D        | Found a bloodstained altar of Trog.
    10 | D        | Found an iron altar of Okawaru.
    10 | D        | Found a sparkling altar of Nemelex Xobeh.
   195 | D        | Reached skill level 5 in Fighting
   195 | D        | Reached skill level 5 in Axes
   195 | D        | Reached XP level 2. HP: 30/30 MP: 1/1
   199 | D        | Entered arena 2.
   199 | D        | Noticed a purple draconian
   199 | D        | Noticed a draconian
   199 | D        | Found a transporter.
   203 | D        | Killed a draconian
   204 | D        | Reached skill level 5 in Dodging
   204 | D        | Reached XP level 3. HP: 34/42 MP: 2/2
   204 | D        | Reached XP level 4. HP: 40/50 MP: 3/3
   204 | D        | Reached XP level 5. HP: 45/57 MP: 4/4
   204 | D        | Reached XP level 6. HP: 50/63 MP: 5/5
   206 | D        | Killed a purple draconian
   207 | D        | Reached skill level 10 in Shields
   207 | D        | Reached XP level 7. HP: 51/74 MP: 6/6
   207 | D        | Reached XP level 8. HP: 56/82 MP: 7/7
   389 | D        | Entered arena 3.
   389 | D        | Found a transporter.
   391 | D        | Reached ** piety under Trog
   411 | D        | Entered arena 4.
   411 | D        | Found a transporter.
   415 | D        | Reached *** piety under Trog
   565 | D        | Entered arena 5.
   565 | D        | Noticed a cyclops
   565 | D        | Noticed a two-headed ogre
   565 | D        | Found a transporter.
   569 | D        | Killed a two-headed ogre
   569 | D        | Reached **** piety under Trog
   570 | D        | Reached XP level 9. HP: 93/93 MP: 8/8
   571 | D        | Killed a cyclops
   765 | D        | Entered arena 6.
   765 | D        | Found a transporter.
   768 | D        | Reached ***** piety under Trog
   856 | D        | Entered arena 7.
   856 | D        | Noticed a shining eye
   856 | D        | Noticed a shining eye
   857 | D        | Found a transporter.
   859 | D        | Gained mutation: Your spells are a little easier to cast,
                  | but a little less powerful. [a shining eye]
   861 | D        | Gained mutation: Your muscles are strong. (Str +2) [a
                  | shining eye]
   862 | D        | Gained mutation: Your body sometimes deteriorates upon
                  | taking damage. [a shining eye]
   863 | D        | Killed a shining eye
   864 | D        | Reached skill level 10 in Armour
   864 | D        | Lost mutation: Your muscles are strong. (Str +2) [a shining
                  | eye]
   864 | D        | Killed a shining eye
   864 | D        | Reached ****** piety under Trog
  1184 | D        | Entered arena 8.
  1184 | D        | Noticed an ironbound preserver
  1184 | D        | Noticed a vault guard
  1184 | D        | Noticed an ironbound thunderhulk
  1184 | D        | Noticed an ironbound thunderhulk
  1184 | D        | Noticed a vault warden
  1184 | D        | Noticed a vault guard
  1185 | D        | Found a transporter.
  1192 | D        | Killed an ironbound preserver
  1192 | D        | Received a gift from Trog
  1193 | D        | Reached XP level 10. HP: 12/104 MP: 0/9
  1193 | D        | Killed a vault guard
  1194 | D        | Reached skill level 15 in Fighting
  1194 | D        | Reached skill level 15 in Axes
  1194 | D        | Killed a vault guard
  1194 | D        | HP: 3/157 [vault warden/+2 glaive (7)]
  1195 | D        | Reached skill level 10 in Dodging
  1195 | D        | Reached skill level 15 in Shields
  1195 | D        | Killed an ironbound thunderhulk
  1195 | D        | Slain by an ironbound thunderhulk

Illustrated notes

Levels and vault maps discovered:
D:        sprint_v [room_start, room_1, room_2, room_3, room_4, room_5, room_6,
          room_7, room_8, room_9, room_10, room_11, room_12, room_13, room_14,
          room_15, room_16, room_17, room_18, room_19, room_20, room_21,
          room_22, room_23, room_24, room_25, room_26, room_27]

Skill      XL: |  1  2  3  4  5  6  7  8  9 10 |
---------------+-------------------------------+-----
Fighting       | 5 9 11 13 14 15 | 15.5
Axes           | 5 9 11 13 14 15 | 15.5
Armour         | 3 6 7 9 10 11 | 11.0
Dodging        | 3 5 7 8 9 10 | 10.1
Shields        | 4 8 10 12 14 15 | 15.0

Action                   |  1- 3 |  4- 6 |  7- 9 | 10-12 || total
-------------------------+-------+-------+-------+-------++-------
Melee: Broad axe         |     3 |     3 |    25 |     3 ||    34
       Headbutt          |     1 |       |     5 |     3 ||     9
Invok: Berserk           |     1 |       |     2 |       ||     3
  Use: Potion            |     1 |       |       |       ||     1
Armor: Plate armour      |       |     1 |     4 |       ||     5
Dodge: Dodged            |     1 |       |       |       ||     1
Block: Tower shield      |     2 |     1 |    19 |     2 ||    24
